 Dungeon Crawl Stone Soup version 0.30-a0-476-g330ca2eb8e (webtiles) character file.

Game seed: 2654756568875505809

1003916 Charly the Slayer (level 27, -6/172 HPs)
             Began as a Vine Stalker Gladiator on Dec 21, 2022.
             Was the Champion of Okawaru.
             Succumbed to poison (dark miasma)
             ... in the Vestibule of Hell.
             The game lasted 04:31:51 (78708 turns).

Charly the Slayer (Vine Stalker Gladiator)         Turns: 78708, Time: 04:31:51

Health: -6/172     AC: 63    Str: 32    XL:     27
Magic:  17/35      EV: 32    Int:  8    God:    Okawaru [******]
Gold:   6493       SH:  4    Dex: 37    Spells: 26/26 levels left

rFire   + + .      SeeInvis .    c - +12 pair of quick blades "Gyre" and "Gimble" {protect}
rCold   + + .      Faith    .    (shield currently unavailable)
rNeg    + . .      Spirit   +    M - +12 gold dragon scales
rPois   +          Reflect  .    T - +2 helmet of Wu Jian's Hope {+Inv rElec rF+ Stlth+}
rElec   +          Harm     .    Z - +2 cloak "Xiudud" {Drain Will+++ rCorr Dex-2}
rCorr   +          Rampage  +    o - +3 pair of gauntlets of War {Slay+5}
Will    +++++                    y - +2 pair of boots {rampage}
Stlth   +++++.....               W - amulet "Eviakhlu" {Acrobat rPois Dex+3}
HPRegen 1.28/turn                g - ring of Patos {Contam rC+ Will+ rCorr Dex+10}
MPRegen 0.24/turn                n - ring "Zokh" {rN+ Str+5 Dex+6}

@: mighty, lethally poisoned (-6 -> -43), heroic, under a protective aura,
slowed, studying 4 skills, very slow
A: fangs 3, regeneration 1, magic shield, antimagic bite, no potion heal 2,
hooves 1, large bone plates 1
}: 11/15 runes: barnacled, slimy, silver, icy, abyssal, demonic, glowing,
magical, fiery, dark, gossamer
a: Renounce Religion, Evoke Invisibility, Heroism, Finesse, Duel


You were in the Vestibule of Hell.
You worshipped Okawaru.
Okawaru was exalted by your worship.
You visited 15 branches of the dungeon, and saw 71 of its levels.
You visited Pandemonium 1 time, and saw 11 of its levels.
You visited the Abyss 2 times.
You visited 1 ziggurat, and saw 15 of its levels.
You also visited: Volcano and Wizlab.

You collected 13921 gold pieces.
You spent 7428 gold pieces at shops.

Inventory:

Hand Weapons
 c - the +12 pair of quick blades "Gyre" and "Gimble" (weapon) {protect}
   (Okawaru gifted it to you on level 2 of the Vaults)

   It grants its wielder temporary protection when it strikes (+7 to AC).
Missiles
 a - 2 silver javelins (quivered)
 b - 4 datura-tipped darts
 d - 6 throwing nets
 F - 3 javelins
 P - 25 atropa-tipped darts
 V - a curare-tipped dart
Armour
 o - the +3 pair of gauntlets of War (worn) {Slay+5}
   (Okawaru gifted it to you on level 7 of Cocytus)

   Slay:      It affects your accuracy & damage with ranged weapons and melee
   (+5).
 y - a +2 pair of boots of rampaging (worn)
 L - the +12 plate armour of Baleful Music {Rampage rF+ Dex+2 Stlth+}
   (You found it on level 4 of a ziggurat)

   Dex:       It affects your dexterity (+2).
   rF:        It protects you from fire.
   Rampage:   It bestows one free step when moving towards enemies.
   Stlth:     It makes you more stealthy.
 M - +12 gold dragon scales (worn)
 T - the +2 helmet of Wu Jian's Hope (worn) {+Inv rElec rF+ Stlth+}
   (You acquired it on level 5 of the Pits of Slime)

   rF:        It protects you from fire.
   rElec:     It insulates you from electricity.
   +Inv:      It lets you turn invisible.
   Stlth:     It makes you more stealthy.
 Y - a scarf of resistance
 Z - the +2 cloak "Xiudud" (worn) {Drain Will+++ rCorr Dex-2}
   (You acquired it on level 10 of a ziggurat)

   Dex:       It affects your dexterity (-2).
   rCorr:     It protects you from acid and corrosion.
   Drain:     It drains your maximum health when unequipped.
   Will:      It greatly increases your willpower.
Jewellery
 e - the ring of Ububasm {rElec rC+}
   (You took it off a yaktaur captain on level 5 of the Vaults)

   [ring of protection from cold]

   rC:        It protects you from cold.
   rElec:     It insulates you from electricity.
 f - the ring "Botseola" {rF+ Int+2 Slay+4}
   (You acquired it on level 11 of a ziggurat)

   [ring of slaying]

   Int:       It affects your intelligence (+2).
   Slay:      It affects your accuracy & damage with ranged weapons and melee
   (+4).
   rF:        It protects you from fire.
 g - the ring of Patos (left hand) {Contam rC+ Will+ rCorr Dex+10}
   (You found it on level 4 of the Realm of Zot)

   [ring of resist corrosion]

   Dex:       It affects your dexterity (+10).
   rC:        It protects you from cold.
   Contam:    It causes magical contamination when unequipped.
   rCorr:     It protects you from acid and corrosion.
   Will:      It increases your willpower.
 i - the ring "Cukk" {rF- AC+4 Str+6 Dex-5 SInv}
   (You found it on level 11 of a ziggurat)

   [ring of protection]

   AC:        It affects your AC (+4).
   Str:       It affects your strength (+6).
   Dex:       It affects your dexterity (-5).
   rF:        It makes you vulnerable to fire.
   SInv:      It lets you see invisible.
 m - the ring of Comiaba {rPois rC+ Will+ Stlth+}
   (You found it on level 5 of the Vaults)

   [ring of poison resistance]

   rC:        It protects you from cold.
   rPois:     It protects you from poison.
   Will:      It increases your willpower.
   Stlth:     It makes you more stealthy.
 n - the ring "Zokh" (right hand) {rN+ Str+5 Dex+6}
   (You found it on level 4 of the Realm of Zot)

   [ring of dexterity]

   Str:       It affects your strength (+5).
   Dex:       It affects your dexterity (+6).
   rN:        It protects you from negative energy.
 W - the amulet "Eviakhlu" (around neck) {Acrobat rPois Dex+3}
   (You found it on level 3 of the Depths)

   [amulet of the acrobat]

   It increases your evasion while moving and waiting.
   Dex:       It affects your dexterity (+3).
   rPois:     It protects you from poison.
Wands
 p - a wand of mindburst (38)
 t - a wand of roots (33)
 x - a wand of quicksilver (28)
 N - a wand of digging (8)
Scrolls
 h - 23 scrolls of blinking
 s - 2 scrolls of silence
 u - 3 scrolls of magic mapping
 v - 13 scrolls of vulnerability
 w - 12 scrolls of immolation
 E - 36 scrolls of teleportation
 G - 15 scrolls of poison
 I - 11 scrolls of fear
 O - 18 scrolls of fog
 Q - 6 scrolls of enchant armour
Potions
 j - 14 potions of lignification
 k - 10 potions of haste
 l - 39 potions of curing
 q - 10 potions of mutation
 r - 5 potions of berserk rage
 z - 10 potions of attraction
 A - 6 potions of resistance
 B - 14 potions of ambrosia
 H - 2 potions of invisibility
 J - 8 potions of flight
 K - 6 potions of magic
 S - 7 potions of cancellation
 X - 6 potions of might
Miscellaneous
 C - a lightning rod (4/4)
 D - a phial of floods
 R - a tin of tremorstones (1/2)
 U - a condenser vane


   Skills:
 - Level 26.9(27) Fighting
 - Level 14.0(19.0) Short Blades
 - Level 22.0(27) Throwing
 - Level 22.0(27) Armour
 + Level 18.7(23.7) Dodging
 - Level 22.0(27) Stealth
 - Level 7.0(12.0) Shields
 - Level 15.0 Invocations
 + Level 19.5 Evocations


You had 26 spell levels left.
You didn't know any spells.
Your spell library contained the following spells:

 Spells                   Type           Power      Damage    Failure   Level
 Apportation              Tloc           0%         N/A       90%         1
 Beastly Appendage        Tmut           0%         N/A       90%         1
 Foxfire                  Conj/Fire      0%         2x1d4     90%         1
 Magic Dart               Conj           0%         1d3       90%         1
 Necrotise                Necr           0%         1d4       90%         1
 Sandblast                Erth           0%         2d4       90%         1
 Slow                     Hex            0%         N/A       90%         1
 Sting                    Tmut/Pois      0%         1d3       90%         1
 Blink                    Tloc           0%         N/A       97%         2
 Cigotuvi's Dreadful Rot  Necr/Pois/Air  0%         N/A       97%         2
 Ensorcelled Hibernation  Hex/Ice        0%         N/A       97%         2
 Passwall                 Tmut/Erth      0%         N/A       97%         2
 Poisonous Vapours        Pois/Air       0%         N/A       97%         2
 Scorch                   Fire           0%         2d5       97%         2
 Static Discharge         Conj/Air       0%         2-2/arc   97%         2
 Sublimation of Blood     Necr           0%         N/A       97%         2
 Wereblood                Tmut           0%         N/A       97%         2
 Confusing Touch          Hex            0%         N/A       99%         3
 Dazzling Flash           Conj/Hex       0%         N/A       99%         3
 Frozen Ramparts          Ice            0%         1d1       99%         3
 Gell's Gravitas          Tloc           0%         N/A       99%         3
 Hailstorm                Conj/Ice       0%         3d3       99%         3
 Ignite Poison            Fire/Tmut/Pois 0%         N/A       99%         3
 Inner Flame              Hex/Fire       0%         N/A       99%         3
 Kindle Blastsparks       Fire/Tloc/Air  0%         2d10      99%         3
 Lesser Beckoning         Tloc           0%         N/A       99%         3
 Mephitic Cloud           Conj/Pois/Air  0%         N/A       99%         3
 Ozocubu's Armour         Ice            0%         N/A       99%         3
 Portal Projectile        Hex/Tloc       0%         N/A       99%         3
 Spider Form              Tmut/Pois      0%         N/A       99%         3
 Stone Arrow              Conj/Erth      0%         3d7       99%         3
 Swiftness                Air            0%         N/A       99%         3
 Teleport Other           Tloc           0%         N/A       99%         3
 Vampiric Draining        Necr           0%         2d6       99%         3
 Vhi's Electric Charge    Tloc/Air       0%         N/A       99%         3
 Airstrike                Air            0%         2d(0-16)  100%        4
 Anguish                  Hex/Necr       0%         N/A       100%        4
 Dispel Undead            Necr           0%         3d6       100%        4
 Flame Wave               Conj/Fire      0%         2d4       100%        4
 Ice Form                 Ice/Tmut       0%         N/A       100%        4
 Iskenderun's Mystic Bla  Conj/Tloc      0%         2d3       100%        4
 Leda's Liquefaction      Hex/Erth       0%         N/A       100%        4
 Manifold Assault         Tloc           0%         N/A       100%        4
 Olgreb's Toxic Radiance  Pois           0%         N/A       100%        4
 Passage of Golubria      Tloc           0%         N/A       100%        4
 Petrify                  Tmut/Erth      0%         N/A       100%        4
 Sticky Flame             Conj/Fire      0%         2d3       100%        4
 Agony                    Necr           0%         N/A       100%        5
 Alistair's Intoxication  Tmut/Pois      0%         N/A       100%        5
 Arcjolt                  Conj/Air       0%         1d10      100%        5
 Blade Hands              Tmut           0%         N/A       100%        5
 Borgnjor's Vile Clutch   Necr/Erth      0%         N/A       100%        5
 Fireball                 Conj/Fire      0%         3d3       100%        5
 Freezing Cloud           Conj/Ice/Air   0%         6-21      100%        5
 Irradiate                Conj/Tmut      0%         3d11      100%        5
 Iskenderun's Battlesphe  Conj           0%         2d6       100%        5
 Lightning Bolt           Conj/Air       0%         1d11      100%        5
 Metabolic Englaciation   Hex/Ice        0%         N/A       100%        5
 Silence                  Hex/Air        0%         N/A       100%        5
 Yara's Violent Unravell  Hex/Tmut       0%         3d3       100%        5
 Conjure Ball Lightning   Conj/Air       0%         3x3d7     100%        6
 Starburst                Conj/Fire      0%         6d3       100%        6
 Statue Form              Tmut/Erth      0%         N/A       100%        6
 Dragon Form              Tmut           0%         N/A       100%        7
 Enfeeble                 Hex            0%         N/A       100%        7
 Orb of Destruction       Conj           0%         9d5       100%        7
 Ozocubu's Refrigeration  Ice            0%         4d7       100%        7
 Storm Form               Tmut/Air       0%         N/A       100%        7
 Borgnjor's Revivificati  Necr           0%         N/A       100%        8
 Discord                  Hex            0%         N/A       100%        8
 Disjunction              Tloc           0%         N/A       100%        8
 Ignition                 Fire           0%         3d3       100%        8
 Lehudib's Crystal Spear  Conj/Erth      0%         10d2      100%        8
 Maxwell's Capacitive Co  Air            0%         ∞         100%        8
 Necromutation            Tmut/Necr      0%         N/A       100%        8
 Chain Lightning          Conj/Air       0%         N/A       100%        9
 Death's Door             Necr           0%         N/A       100%        9
 Fire Storm               Conj/Fire      0%         5d1       100%        9
 Shatter                  Erth           0%         3d5*      100%        9
 Call Imp                 Summ           Unusable   N/A       N/A         2
 Summon Guardian Golem    Hex/Summ       Unusable   N/A       N/A         3
 Tukima's Dance           Hex            Unusable   N/A       N/A         3
 Animate Armour           Summ/Erth      Unusable   N/A       N/A         4
 Animate Dead             Necr           Unusable   N/A       N/A         4
 Summon Ice Beast         Ice/Summ       Unusable   N/A       N/A         4
 Summon Lightning Spire   Summ/Air       Unusable   N/A       N/A         4
 Summon Forest            Summ/Tloc      Unusable   N/A       N/A         5
 Death Channel            Necr           Unusable   N/A       N/A         6
 Simulacrum               Ice/Necr       Unusable   N/A       N/A         6
 Summon Cactus Giant      Summ           Unusable   N/A       N/A         6
 Spellforged Servitor     Conj/Summ      Unusable   N/A       N/A         7
 Summon Hydra             Summ           Unusable   N/A       N/A         7

Dungeon Overview and Level Annotations

Branches:
Dungeon (15/15)            Temple (1/1) D:6            Lair (5/5) D:11
 Shoals (4/4) Lair:2       Spider (4/4) Lair:3        Slime (5/5) Lair:5
    Orc (2/2) D:9             Elf (3/3) Orc:2        Vaults (5/5) D:13
  Crypt (3/3) Vaults:3       Tomb (0/3) Crypt:3      Depths (4/4) D:15
   Hell (1/1)                 Dis (0/7) Hell            Geh (0/7) Hell
    Coc (7/7) Hell            Tar (7/7) Hell            Zot (5/5) Depths:4
Volcano (visited)          WizLab (visited)

Altars:
Ashenzari
Cheibriados
Dithmenos
Elyvilon
Fedhas
Gozag
Hepliaklqana
Kikubaaqudgha
Makhleb
Nemelex Xobeh
Okawaru
Qazlal
Ru
Sif Muna
Trog
Uskayaw
Vehumet
Wu Jian
Xom
Yredelemnul
Zin
The Shining One

Shops:
D:2 [([?   D:9 *:**   D:13 *   D:14 (   Orc:2 !([[[   Elf:1 !   Shoals:2 [*
Shoals:3 !   Vaults:3 (*?   Depths:4 :

Portals:
Hell: Depths:1 Depths:2 Depths:3 Depths:4
Abyss: Depths:3
Pandemonium: Depths:1 Depths:2 Depths:3

Annotations:
Crypt:1 1 runed translucent door, Nofozin's ghost, veteran FoFi
Coc:7 exclusion: 3 ice statues
Tar:1 9 runed doors


Innate Abilities, Weirdness & Mutations

You have razor-sharp teeth.
Your natural rate of healing is unusually fast.
When hurt, damage is shared between your health and your magic reserves.
Your bite disrupts and absorbs the magic of your enemies.
Potions cannot restore your health.
You have large cloven feet.
You are partially covered in large bone plates. (SH +4)


Message History

You hit the Tzitzimitl.
You are engulfed in dark miasma.
You feel sick. The Tzitzimitl engulfs you! The Tzitzimitl drains your vigour!
You feel as though you will be slow longer.
The Tzitzimitl completely misses you.
You miss the Tzitzimitl.
You bite the Tzitzimitl, but do no damage.
You puncture the Tzitzimitl!
You are engulfed in dark miasma.
You are more poisoned.
You feel as though you will be slow longer.
You feel very sick. The bone dragon barely misses you.
The bone dragon claws you but does no damage.
The bone dragon tramples you but does no damage.
A tormentor comes into view.
You puncture the Tzitzimitl! You impale the Tzitzimitl!!
You are engulfed in dark miasma.
You feel as though you will be slow longer.
You feel very sick. The Tzitzimitl closely misses you.
The Tzitzimitl misses you.
You are engulfed in dark miasma.
You are lethally poisoned!
You feel as though you will be slow longer.
* * * LOW HITPOINT WARNING * * *
x2 You feel extremely sick.
The tormentor calls on the powers of darkness!
Your body is wracked with pain!
* * * LOW HITPOINT WARNING * * *
The bone dragon barely misses you. The bone dragon misses you.
The bone dragon tramples you but does no damage.
The tormentor calls on the powers of darkness!
Your body is wracked with pain!
* * * LOW HITPOINT WARNING * * *
The Tzitzimitl engulfs you but does no damage.
The Tzitzimitl completely misses you.
The bone dragon bites you but does no damage.
The bone dragon claws you but does no damage.
The bone dragon completely misses you.
You go up through the gate.
Welcome back to the Vestibule of Hell!
The infernal howling subsides.
You die...

##### ###.1.###
##...@...##
##....D....##
#...........#
##...........##
#....#...#....#
#....#...#....#
#...##...##...#
##..#.....#).##
##.#.....#.##


You could see a bone dragon and a Tzitzimitl.

Vanquished Creatures
  Cerebov (Pan)
  Antaeus (Coc:7)
  Dissolution (Slime:2)
  the Royal Jelly (Slime:5)
  Gloorx Vloq (Pan)
  Mnoleg (Pan)
  the Serpent of Hell (Coc:7)
  Lom Lobon (Pan)
  3 dread liches
  5 ancient liches
  3 orbs of fire
  Mara (Vaults:2)
  The ghost of Zuol the Slayer, a legendary DsDe of Nemelex Xobeh (Zot:3)
  Mennas (Vaults:2)
  2 juggernauts (Zig:12)
  The ghost of Suab the Hand of Fortune, a veteran MeRe of Nemelex Xobeh (Zot:3)
  The ghost of Ge0ff the Thanatomancer, a master SpMo of Gozag (Zot:4)
  11 shard shrikes
  5 pandemonium lords
  Bai Suzhen (Spider:3)
  5 caustic shrikes
  Frederick (Depths:4)
  Saint Roka (Vaults:2)
  8 Killer Klowns
  4 curse toes
  Geryon (Hell)
  6 profane servitors
  The ghost of Iruirgha the Slayer, a veteran OpFi of Gozag (Zot:3)
  Nikola (Vaults:3)
  14 bone dragons
  8 golden dragons
  3 Brimstone Fiends (Pan)
  13 doom hounds
  19 Tzitzimimeh
  Arachne (Spider:2)
  A shard shrike zombie (Crypt:3)
  An iron giant (Zig:3)
  4 electric golems
  Cloud Mage (WizLab)
  Zenata (Crypt:3)
  A walking crystal tome (Depths:3)
  Jorgrun (D:12)
  7 tainted leviathans
  22 tentacled monstrosities
  8 liches
  19 Ice Fiends
  23 titans
  25 Orb Guardians (Zot:5)
  2 deep elf blademasters (Elf:3)
  Asterion (Vaults:3)
  13 quicksilver dragons
  8 death cobs
  13 Executioners (Pan)
  3 eldritch tentacles
  22 acid blobs
  A kraken (Shoals:3)
  A deep elf master archer (Elf:3)
  5 ancient champions
  9 tentacled starspawn
  10 sphinxes
  3 tengu reavers
  Gastronok (Lair:1)
  19 shadow dragons
  18 azure jellies
  3 demonspawn warmongers (Pan)
  2 draconian monks
  15 storm dragons
  4 revenants
  Ilsuiw (Shoals:4)
  10 rockslimes
  Donald (Vaults:3)
  16 frost giants
  A draconian knight (Zig:8)
  17 narguns
  7 deep elf sorcerers
  5 iron dragons
  4 nagarajas (Zig:13)
  A quicksilver elemental (Zig:9)
  13 balrugs
  19 vault wardens
  6 fire giants
  Aizul (Vaults:2)
  4 ghost moths
  13 cacodemons
  A juggernaut zombie (Crypt:2)
  3 draconian shifters
  2 ghouls (Crypt:2)
  A spectral caustic shrike (Tar:1)
  3 draconian scorchers
  A caustic shrike zombie (Depths:2)
  12 shard shrike simulacra
  An angel (Abyss:3)
  2 deep elf elementalists (Elf:3)
  11 reapers
  2 spectral juggernauts
  4 curse skulls
  6 draconian stormcallers
  2 demonspawn corrupters (Pan)
  23 stone giants
  A demonspawn blood saint (Zig:6)
  11 quicksilver oozes
  An orc warlord (Vaults:1)
  7 draconian annihilators
  7 war gargoyles
  2 broodmothers
  A spriggan defender (Depths:2)
  23 ironbound preservers
  24 very ugly things
  A quicksilver ooze (shapeshifter) (Vaults:5)
  14 green draconians
  8 ironbound thunderhulks
  A stone giant (shapeshifter) (Zig:11)
  11 deep elf demonologists
  3 lorocyprocas
  22 vampire knights
  9 dire elephants
  9 deep elf annihilators
  26 elemental wellsprings
  15 black draconians
  3 demonspawn black suns (Pan)
  10 putrid mouths
  19 wendigos
  5 purple draconians
  5 spark wasps
  8 red draconians
  An ettin (shapeshifter) (Zig:11)
  8 yellow draconians
  14 white draconians
  13 deep elf death magi
  12 ettins
  7 iron golems
  A spectral quicksilver dragon (Tar:2)
  5 blizzard demons
  10 fire dragons
  4 eidola
  6 merfolk javelineers
  5 green deaths
  17 great orbs of eyes
  A spectral iron giant (Tar:4)
  9 deep elf high priests
  3 crystal guardians
  8 entropy weavers
  10 ice dragons
  12 jiangshi
  11 yaktaur captains
  5 merfolk impalers
  9 hydras
  4 spectral spriggans
  A spectral tengu (Tar:1)
  35 vault guards
  2 spriggan zombies
  7 rakshasas
  5 ghost crabs
  A hell beast (Zig:11)
  2 catoblepae
  2 kraken zombies (Hell)
  4 peacekeepers
  2 juggernaut simulacra
  13 caustic shrike simulacra
  5 salamander tyrants (Zig:13)
  4 spriggan air magi
  Harold (Lair:1)
  A radroach (shapeshifter) (Vaults:5)
  A radroach (Spider:4)
  2 merfolk avatars
  An Orb Guardian zombie (Crypt:3)
  2 jorogumos (Spider:1)
  5 centaur warriors
  6 merfolk aquamancers
  37 dancing weapons
  2 alligator snapping turtles (Shoals:4)
  3 anacondas (Zig:13)
  12 boulder beetles
  8 ironbound frosthearts
  4 two-headed ogres
  A satyr (shapeshifter) (Vaults:5)
  2 titan zombies (Crypt:3)
  6 satyrs
  5 death knights
  2 tengu warriors (Depths:2)
  12 death yaks
  10 deep troll shamans
  A fenstrider witch skeleton (Pan)
  An azure jelly zombie (Crypt:2)
  8 thrashing horrors (Abyss:3)
  Urug (D:13)
  2 shock serpents
  4 deep troll earth magi
  The ghost of crasatator the Grappler, a novice TrFi (D:7)
  A shock serpent (shapeshifter) (Depths:3)
  A naga sharpshooter (Zig:13)
  17 vampire magi
  2 spectral nagas
  2 storm dragon zombies (Crypt:2)
  27 sun demons
  7 naga warriors
  3 hell hogs (Hell)
  An orc high priest (Orc:2)
  21 hell knights
  32 deep elf knights
  Nergalle (Lair:3)
  A salamander mystic (Volcano)
  20 soul eaters
  A titan skeleton (Pan)
  3 spriggan berserkers
  13 shadow wraiths
  A crystal echidna (Zig:3)
  4 sun moths
  A storm dragon skeleton (Pan)
  2 spatial maelstroms (Abyss:3)
  A bog body (Crypt:2)
  6 iron trolls
  A sea snake (shapeshifter) (Vaults:5)
  6 glowing orange brains
  56 skeletal warriors
  11 steelbarb worms
  9 death drakes
  10 pharaoh ants
  10 flayed ghosts
  21 sixfirhies
  2 swamp dragons (Zig:14)
  6 quicksilver dragon simulacra
  10 sea snakes
  55 deep trolls
  An obsidian statue (Zig:5)
  A fenstrider witch simulacrum (Coc:1)
  3 kraken simulacra (Coc:7)
  A naga ritualist (Zig:4)
  An orb spider (Spider:4)
  6 shadow demons (Pan)
  A lindwurm (shapeshifter) (Spider:1)
  A spectral hydra (Tar:5)
  8 spriggan simulacra
  6 lindwurms
  Pikel (D:7)
  32 phantasmal warriors
  13 wizards
  A harpy (shapeshifter) (Vaults:5)
  A wolf spider zombie (Crypt:2)
  14 ironbound convokers
  6 orc sorcerers
  36 deep elf pyromancers
  15 deep elf archers
  32 deep elf zephyrmancers
  An orange crystal statue (D:12)
  9 orc knights
  A shadow dragon zombie (Crypt:1)
  A mana viper (Zig:13)
  16 harpies
  A fire giant zombie (Vaults:2)
  2 shadow dragon skeletons
  12 wolf spiders
  A frost giant zombie (Vaults:2)
  A stone giant zombie (Crypt:3)
  3 shining eyes
  14 necromancers
  34 ugly things
  A moth of wrath (shapeshifter) (Zig:11)
  11 cyclopes
  9 fauns
  17 manticores
  28 moths of wrath
  An elephant (shapeshifter) (Zig:11)
  10 rust devils
  4 salamanders (Volcano)
  4 worldbinders (Abyss:3)
  7 merfolk sirens
  2 frost giant skeletons (Vaults:2)
  A black mamba (shapeshifter) (Elf:1)
  8 elephants
  A shock serpent zombie (Crypt:1)
  6 titan simulacra
  16 smoke demons
  6 water nymphs
  3 naga magi
  An eye of devastation (shapeshifter) (Abyss:3)
  A guardian serpent (Zig:13)
  3 eyes of devastation (Zot:4)
  14 black mambas
  A grey draconian zombie (Crypt:3)
  A molten gargoyle (Volcano)
  3 dire elephant zombies
  2 apocalypse crabs
  15 vault sentinels
  A human skeleton (Vaults:5)
  11 torpor snails
  A storm dragon simulacrum (Coc:1)
  An alligator snapping turtle zombie (Crypt:3)
  21 orange demons
  2 gargoyles
  16 cane toads
  3 ice statues (Zig:5)
  4 tormentors
  3 dire elephant skeletons
  An alligator snapping turtle skeleton (Crypt:2)
  A green draconian zombie (Crypt:3)
  4 anaconda simulacra
  An unseen horror (shapeshifter) (Elf:1)
  12 demonic crawlers
  10 rime drakes
  7 ice devils (Hell)
  6 hellions
  2 unseen horrors
  24 yaktaurs
  2 rime drakes (shapeshifter)
  A sea snake zombie (Hell)
  2 tengu conjurers
  6 efreet
  8 freezing wraiths
  An iron giant simulacrum (Coc:2)
  8 komodo dragons
  2 bunyip simulacra (Coc:1)
  A minotaur zombie (Crypt:3)
  4 ancient zymes
  2 golden dragon simulacra
  5 guardian mummies (Crypt:3)
  3 harpy zombies (Crypt:3)
  3 hellwings
  8 trolls
  5 meliai
  A wolf spider simulacrum (D:14)
  A mana viper skeleton (Crypt:3)
  3 polar bears
  8 wind drakes
  A silent spectre (Tar:1)
  A wind drake (shapeshifter) (Abyss:3)
  A meliai (shapeshifter) (Zig:15)
  71 slime creatures
  20 large abominations
  A tengu simulacrum (Vaults:5)
  35 merfolk
  A hornet (shapeshifter) (Vaults:5)
  11 blink frogs
  3 harpy skeletons
  7 hornets
  15 raiju
  5 hydra skeletons
  A merfolk zombie (Crypt:1)
  2 tarantellas (shapeshifter)
  24 tarantellas
  A slime creature (shapeshifter) (Vaults:5)
  9 snapping turtles
  A snapping turtle (shapeshifter) (Zot:4)
  2 iron dragon simulacra (Coc:3)
  3 stone giant simulacra
  An ettin zombie (Vaults:5)
  A radroach zombie (Crypt:1)
  Sigmund (D:3)
  10 culicivoras
  12 air elementals
  A black mamba zombie (Crypt:2)
  2 flying skulls
  An ice dragon skeleton (Crypt:3)
  7 naga simulacra
  4 spriggans
  21 jumping spiders
  4 dire elephant simulacra
  39 yaks
  4 humans (Shoals:1)
  A basilisk (shapeshifter) (Zig:11)
  8 ynoxinuls
  An alligator skeleton (Hell)
  18 water elementals
  15 shadows
  An alligator snapping turtle simulacrum (Coc:3)
  20 wraiths
  2 hogs (Shoals:1)
  9 small abominations
  7 chaos spawn
  11 wyverns
  17 golden eyes
  17 vampire mosquitoes
  15 neqoxecs
  4 steam dragons (Zig:14)
  45 redbacks
  8 basilisks
  5 nagas
  10 harpy simulacra
  6 acid dragons
  11 water moccasins
  A warg (Orc:1)
  A hydra simulacrum (Hell)
  A glowing shapeshifter skeleton (Vaults:5)
  3 hell hounds (Hell)
  8 spatial vortices (Abyss:3)
  2 floating eyes
  A floating eye (shapeshifter) (Depths:3)
  47 orc warriors
  A water nymph skeleton (Crypt:1)
  3 swamp drakes (Zig:14)
  2 black bears
  A deep troll skeleton (Crypt:3)
  A hornet zombie (Crypt:1)
  6 ettin simulacra
  2 sky beasts
  A black bear (shapeshifter) (D:14)
  10 starcursed masses
  4 ogres
  An ogre (shapeshifter) (D:13)
  20 wolves
  17 centaurs
  2 phantoms
  A rime drake zombie (Crypt:2)
  A kobold brigand (D:10)
  8 bullfrogs
  A salamander zombie (Crypt:2)
  4 earth elementals (Elf:2)
  4 scorpions
  A gnoll sergeant (D:10)
  A deep troll simulacrum (Crypt:1)
  3 necrophages
  4 wights (D:8)
  A swamp dragon simulacrum (Coc:1)
  A vampire bat (D:4)
  A shapeshifter skeleton (Crypt:1)
  2 electric eels
  8 howler monkeys
  A crimson imp (Abyss:4)
  5 lava snakes (Volcano)
  4 quasits
  8 hounds
  2 jellies
  9 orc priests
  2 iron imps (Abyss:3)
  4 iguanas
  29 hell rats
  A boggart zombie (Crypt:2)
  14 orc wizards
  A tengu zombie (Crypt:1)
  A hound skeleton (Crypt:2)
  7 mummies (Crypt:3)
  5 gnolls (D:10)
  6 adders
  13 river rats
  3 shadow imps
  5 white imps
  3 worms (D:2)
  3 dart slugs
  10 fire bats
  86 orcs
  2 spectral bats (D:4)
  3 bat skeletons (D:4)
  A bat zombie (D:4)
  8 endoplasms
  6 giant cockroaches
  2 goblins
  5 hobgoblins
  7 jackals
  3 quokkas
  8 ball pythons
  A ball python zombie (Crypt:3)
  13 bats
  A bat simulacrum (D:4)
  A dart slug zombie (Crypt:1)
  3 frilled lizards
  14 kobolds
  A quokka zombie (Crypt:2)
  5 rats
  2 fire vortices (Hell)
  A lurking horror (Abyss:3)
  3 starspawn tentacles
  12 tentacles
3310 creatures vanquished.

Vanquished Creatures (collateral kills)
  A titan (Zig:12)
  2 frost giants (Zig:12)
  A fire giant (Zig:12)
  An ettin (Zig:12)
  A cyclops (Zig:12)
6 creatures vanquished.

Vanquished Creatures (others)
  A Hell Sentinel (Zig:9)
  An elemental wellspring (Coc:3)
  2 rakshasas
  A juggernaut simulacrum (Coc:3)
  A caustic shrike simulacrum (Coc:4)
  A death yak (shapeshifter) (Zig:11)
  A soul eater (Zig:7)
  A shock serpent (WizLab)
  2 deep elf knights
  A sun demon (Depths:4)
  An iron troll (Depths:2)
  A quicksilver dragon simulacrum (Coc:5)
  2 glowing orange brains (Pan)
  A fenstrider witch simulacrum (Coc:1)
  A titan simulacrum (Coc:4)
  A tormentor (Coc:5)
  An unseen horror (D:10)
  A bunyip simulacrum (Coc:1)
  A tarantella (Spider:2)
  An air elemental (WizLab)
  A dire elephant simulacrum (Coc:5)
  A chaos spawn (Zig:11)
  4 harpy simulacra
  An ettin simulacrum (Coc:5)
  A human (D:3)
  2 ball lightnings (Pan)
  22 fungi
  98 plants
  16 starspawn tentacles
  50 tentacles
219 creatures vanquished.

Grand Total: 3535 creatures vanquished

Notes
Turn   | Place    | Note
-------+----------+-------------------------------------------
     0 | D:1      | Charly the Vine Stalker Gladiator began the quest for the
                  | Orb.
     0 | D:1      | Reached XP level 1. HP: 11/11 MP: 2/2
   143 | D:1      | Reached skill level 2 in Fighting
   143 | D:1      | Reached XP level 2. HP: 15/15 MP: 3/3
   171 | D:1      | Reached skill level 1 in Stealth
   321 | D:1      | Reached XP level 3. HP: 18/18 MP: 4/4
   524 | D:2      | Found Xes Fag's Antique Weapon Boutique.
   628 | D:2      | Gained mutation: Your natural rate of healing is unusually
                  | fast. [Vine Stalker growth]
   628 | D:2      | Reached XP level 4. HP: 23/23 MP: 5/5
   733 | D:2      | Found a faded altar of an unknown god.
   763 | D:2      | Found Eczycvas's Magic Scroll Shoppe.
   770 | D:2      | Bought a scroll of identify for 24 gold pieces
   843 | D:2      | Found Cuot's Antique Armour Emporium.
   954 | D:2      | Found Giucwus's Armour Shoppe.
  1032 | D:2      | Bought a scroll of identify for 24 gold pieces
  1058 | D:3      | Noticed Sigmund
  1387 | D:3      | Found a stormy altar of Qazlal.
  1394 | D:3      | Found an ancient bone altar of Kikubaaqudgha.
  1397 | D:3      | Noticed a human
  1399 | D:3      | Killed a human
  1723 | D:2      | Bought a scroll of identify for 24 gold pieces
  1785 | D:4      | Reached XP level 5. HP: 27/27 MP: 6/6
  1895 | D:4      | Found a burning altar of Makhleb.
  1900 | D:4      | Reached skill level 1 in Evocations
  2265 | D:4      | Reached skill level 3 in Fighting
  2327 | D:4      | Reached XP level 6. HP: 32/32 MP: 7/7
  2716 | D:4      | Found a hazy altar of Hepliaklqana.
  2871 | D:5      | Entered Level 5 of the Dungeon
  2871 | D:5      | Found a blossoming altar of Fedhas.
  2872 | D:5      | Noticed a water moccasin
  2970 | D:5      | Reached skill level 5 in Short Blades
  3053 | D:2      | Bought a +0 pair of gloves of hurling for 161 gold pieces
  3265 | D:5      | Reached XP level 7. HP: 27/36 MP: 5/8
  3855 | D:5      | Found a snail-covered altar of Cheibriados.
  4032 | D:2      | Bought a scroll of vulnerability for 48 gold pieces
  4625 | D:6      | Gained mutation: You have razor-sharp teeth. [Vine Stalker
                  | growth]
  4625 | D:6      | Reached XP level 8. HP: 42/42 MP: 9/9
  4655 | D:6      | Reached skill level 4 in Fighting
  4655 | D:6      | Reached skill level 5 in Stealth
  4684 | D:6      | Found a staircase to the Ecumenical Temple.
  4693 | Temple   | Entered the Ecumenical Temple
  4950 | D:6      | Found a shimmering altar of Xom.
  5699 | D:3      | Killed Sigmund
  5914 | D:6      | Reached skill level 5 in Fighting
  5914 | D:6      | Reached XP level 9. HP: 42/47 MP: 10/10
  6012 | D:7      | Identified the +3 sling of the Traitor {drain, rElec rPois
                  | rF++ Str-2}
  6032 | D:7      | Found a sacrificial altar of Ru.
  6102 | D:7      | Reached skill level 5 in Evocations
  6149 | D:7      | Found a runed translucent gate.
  6150 | D:7      | Noticed a manticore
  6151 | D:7      | Found a runed translucent gate.
  6151 | D:7      | Noticed a troll
  6152 | D:7      | Found a runed translucent gate.
  6160 | D:7      | Noticed crasatator's ghost (novice TrFi)
  6453 | D:7      | Noticed Pikel
  6480 | D:7      | Killed Pikel
  6481 | D:7      | Reached skill level 6 in Fighting
  6721 | D:7      | Noticed Maggie
  6722 | D:7      | Maggie changed into Maggie the fire bat
  6722 | D:7      | Noticed Maggie
  6726 | D:7      | Killed Maggie the fire bat
  7094 | D:2      | Bought a scroll of summoning for 114 gold pieces
  7321 | D:8      | Reached XP level 10. HP: 53/53 MP: 11/11
  7395 | D:8      | Found a radiant altar of Vehumet.
  7406 | D:8      | Found a runed translucent door.
  7406 | D:8      | Noticed a sixfirhy
  7550 | D:8      | Found a white marble altar of Elyvilon.
  7550 | D:8      | Found a shadowy altar of Dithmenos.
  7550 | D:8      | Found an iron altar of Okawaru.
  7556 | D:8      | Became a worshipper of Warmaster Okawaru
  7943 | D:9      | Identified the +0 trident "Joamur" {freeze, rF- rCorr Int+2
                  | Stlth+}
  8055 | D:9      | Found Boetseweun's General Store.
  8060 | D:9      | Bought a scroll of identify for 26 gold pieces
  8060 | D:9      | Bought a potion of lignification for 39 gold pieces
  8090 | D:9      | Reached skill level 1 in Invocations
  8092 | D:9      | Reached skill level 10 in Short Blades
  8211 | D:9      | Found Anlomib's Book Boutique.
  8245 | D:9      | Found Ahae's General Store.
  8245 | D:9      | Found Yzoli's General Store.
  8266 | D:9      | Bought a scroll of identify for 30 gold pieces
  8421 | D:9      | Reached skill level 7 in Fighting
  8446 | D:9      | Reached * piety under Okawaru
  8614 | D:9      | Found a staircase to the Orcish Mines.
  8772 | D:10     | Entered Level 10 of the Dungeon
  8947 | D:10     | Killed an unseen horror
  9177 | D:10     | Reached XP level 11. HP: 51/58 MP: 10/14
  9245 | D:10     | Reached ** piety under Okawaru
  9758 | D:11     | Reached *** piety under Okawaru
  9922 | D:11     | Noticed a cyclops
  9926 | D:11     | Killed a cyclops
  9927 | D:11     | Reached skill level 8 in Fighting
  9990 | D:11     | Noticed a cyclops
 10003 | D:11     | Killed a cyclops
 10097 | D:11     | Found a staircase to the Lair.
 10471 | Lair:1   | Entered Level 1 of the Lair of Beasts
 10477 | Lair:1   | Reached **** piety under Okawaru
 10558 | Lair:1   | Reached skill level 5 in Invocations
 10607 | Lair:1   | Noticed Gastronok
 10618 | Lair:1   | Noticed an eight-headed hydra
 10626 | Lair:1   | Killed an eight-headed hydra
 10626 | Lair:1   | Reached ***** piety under Okawaru
 10627 | Lair:1   | Reached XP level 12. HP: 65/65 MP: 15/17
 10835 | Lair:1   | Noticed Harold
 10838 | Lair:1   | Killed Harold
 10904 | Lair:1   | Reached skill level 1 in Armour
 11012 | Lair:1   | Received a gift from Okawaru
 11017 | Lair:1   | Reached skill level 9 in Fighting
 11124 | Lair:1   | Killed Gastronok
 11555 | Lair:2   | Found a staircase to the Shoals.
 11751 | Lair:2   | Noticed Sonja
 11752 | Lair:2   | Sonja changed into Sonja the wyvern
 11752 | Lair:2   | Noticed Sonja
 11755 | Lair:2   | Killed Sonja the wyvern
 11976 | Lair:2   | Received a gift from Okawaru
 12722 | Lair:3   | Found a hole to the Spider Nest.
 12729 | Lair:3   | Reached XP level 13. HP: 70/70 MP: 19/19
 12771 | Lair:3   | Found a dark tunnel.
 12776 | Volcano  | Entered a volcano
 13050 | Volcano  | Found a bloodstained altar of Trog.
 13195 | Volcano  | Received a gift from Okawaru
 13243 | Volcano  | Noticed a red draconian
 13264 | Volcano  | Killed a red draconian
 13629 | D:2      | Bought the +3 warlock's mirror {reflect} for 560 gold
                  | pieces
 13629 | D:2      | Found the +3 warlock's mirror {reflect}
 14031 | Lair:3   | Noticed Nergalle
 14043 | Lair:3   | Killed Nergalle
 14155 | Lair:3   | Identified the +5 ring mail "Dobo" {*Corrode Dex+3 SInv}
                  | (Okawaru gifted it to you on level 3 of the Lair of Beasts)
 14155 | Lair:3   | Received a gift from Okawaru
 14156 | Lair:3   | Reached skill level 1 in Shields
 14233 | Lair:3   | Reached skill level 10 in Fighting
 15092 | Lair:4   | Reached XP level 14. HP: 51/77 MP: 12/21
 15395 | Lair:4   | Reached skill level 11 in Fighting
 15638 | Lair:5   | Entered Level 5 of the Lair of Beasts
 15856 | Lair:5   | Reached ****** piety under Okawaru
 15856 | Lair:5   | Received a gift from Okawaru
 16383 | Lair:5   | Found a staircase to the Slime Pits.
 16567 | Lair:5   | Reached skill level 10 in Invocations
 16594 | Lair:5   | Noticed a dire elephant
 16613 | Lair:5   | Received a gift from Okawaru
 16650 | Lair:5   | Killed a dire elephant
 17195 | D:12     | Noticed Jorgrun
 17211 | D:12     | Killed Jorgrun
 17799 | D:13     | Found Lota's Changing Room.
 17812 | D:13     | Reached skill level 12 in Fighting
 17916 | D:13     | Reached XP level 15. HP: 79/84 MP: 21/24
 18106 | D:13     | Noticed Urug
 18120 | D:13     | Killed Urug
 18290 | D:13     | Found a gate to the Vaults.
 18402 | D:13     | You fall into a shaft and drop 2 floors!
 18402 | D:15     | Entered Level 15 of the Dungeon
 18489 | D:15     | Reached skill level 10 in Stealth
 18543 | D:15     | Identified the +4 plate armour "Disiustox" {rC+ Will+
                  | Slay-5 Stlth+} (Okawaru gifted it to you on level 15 of the
                  | Dungeon)
 18543 | D:15     | Received a gift from Okawaru
 19141 | D:14     | Found Mineq's Antique Weapon Boutique.
 19812 | D:15     | Noticed an angel
 19813 | D:15     | Found a glowing silver altar of Zin.
 19985 | D:15     | Found a staircase to the Depths.
 20736 | D:7      | Killed crasatator's ghost
 20913 | Orc:1    | Entered Level 1 of the Orcish Mines
 21053 | Orc:1    | Reached skill level 13 in Fighting
 21500 | Orc:2    | Entered Level 2 of the Orcish Mines
 21611 | Orc:2    | Found Naakk's Distillery.
 21620 | Orc:2    | Bought a potion of cancellation for 128 gold pieces
 21620 | Orc:2    | Bought a potion of might for 64 gold pieces
 21635 | Orc:2    | Reached skill level 10 in Evocations
 22033 | Orc:2    | Found a staircase to the Elven Halls.
 22064 | Orc:2    | Received a gift from Okawaru
 22259 | Orc:2    | Reached XP level 16. HP: 90/91 MP: 26/26
 22392 | Orc:2    | Found Tekka's Antique Armour Shoppe.
 22392 | Orc:2    | Found Joeteigg's Armour Boutique.
 22394 | Orc:2    | Found Xiyvonu's Antique Armour Shop.
 22396 | Orc:2    | Found Halonuji's Weapon Emporium.
 22548 | Orc:2    | Bought the +0 pair of boots "Xits" {rPois rF+} for 249 gold
                  | pieces
 22561 | Orc:2    | Bought a sapphire-encrusted chain mail for 275 gold pieces
 22561 | Orc:2    | Identified the +7 chain mail "Eluushyadam" {*Slow Str+2
                  | Int+6 Dex+3} (You bought it in a shop on level 2 of the
                  | Orcish Mines)
 22574 | Orc:2    | Bought a scarf of repulsion for 132 gold pieces
 22586 | Orc:2    | Bought a glowing hat for 182 gold pieces
 22588 | Orc:2    | Bought the +8 chain mail of Spite {+Blink Will+ Int+6} for
                  | 843 gold pieces
 22830 | Spider:1 | Entered Level 1 of the Spider Nest
 22974 | Spider:1 | Received a gift from Okawaru
 23630 | Spider:1 | Reached skill level 5 in Throwing
 24296 | Spider:2 | Reached skill level 5 in Armour
 24452 | Spider:2 | You fall into a shaft and drop 1 floor!
 24509 | Spider:2 | Noticed Arachne
 24527 | Spider:2 | Killed Arachne
 25070 | Spider:3 | Noticed Bai Suzhen
 25077 | Spider:3 | Killed Bai Suzhen
 25078 | Spider:3 | Reached skill level 14 in Fighting
 25709 | Spider:3 | Received a gift from Okawaru
 26564 | Spider:4 | Entered Level 4 of the Spider Nest
 26857 | Spider:4 | Reached XP level 17. HP: 94/97 MP: 28/28
 27492 | D:9      | Bought a +2 helmet of see invisible for 279 gold pieces
 27871 | Spider:4 | Identified the +5 short sword "Zaudec" {flame, +Blink
                  | rPois} (Okawaru gifted it to you on level 4 of the Spider
                  | Nest)
 27871 | Spider:4 | Received a gift from Okawaru
 28571 | Spider:4 | Got a gossamer rune of Zot
 28887 | Shoals:1 | Entered Level 1 of the Shoals
 28890 | Shoals:1 | Noticed Kirke
 28904 | Shoals:1 | Kirke changed into Kirke the hog
 28904 | Shoals:1 | Noticed Kirke
 28907 | Shoals:1 | Killed Kirke the hog
 28945 | Shoals:1 | Received a gift from Okawaru
 29914 | Shoals:2 | Identified the +1 ring mail of the Last Gods {*Corrode
                  | rElec Dex+8 Slay+2}
 29955 | Shoals:2 | Found Guifore Saje's Antique Armour Shoppe.
 30094 | Shoals:2 | Reached skill level 15 in Fighting
 30262 | Shoals:2 | Noticed a kraken
 30448 | Shoals:2 | Identified the +7 broad axe "Degut" {speed, rF+ Str+3
                  | Dex+2}
 30490 | Shoals:2 | Found Cicots's Assorted Antiques.
 30528 | Shoals:2 | Received a gift from Okawaru
 31072 | Shoals:3 | Identified the +7 shortbow "Pushoohill" {flame, rPois Str+9
                  | Int-3}
 31379 | Shoals:3 | Reached XP level 18. HP: 70/104 MP: 30/30
 31623 | Shoals:3 | Found Miczoybb's Distillery.
 32105 | Shoals:4 | Entered Level 4 of the Shoals
 32511 | Shoals:4 | Received a gift from Okawaru
 32541 | Shoals:4 | Reached skill level 15 in Invocations
 32661 | Shoals:4 | Got a barnacled rune of Zot
 32704 | Shoals:4 | Noticed Ilsuiw
 32768 | Shoals:4 | Killed Ilsuiw
 33291 | Shoals:4 | Identified the +0 buckler "Caileneu" {Int+3} (Okawaru
                  | gifted it to you on level 4 of the Shoals)
 33291 | Shoals:4 | Received a gift from Okawaru
 33607 | Shoals:4 | Got the Secrets of Permutations
 34015 | Elf:1    | Entered Level 1 of the Elven Halls
 34106 | Elf:1    | Reached skill level 10 in Throwing
 34255 | Elf:1    | Reached skill level 16 in Fighting
 34409 | Elf:1    | Reached XP level 19. HP: 108/109 MP: 31/31
 34429 | Elf:1    | Reached skill level 5 in Shields
 34581 | Elf:1    | Found a shimmering blue altar of Sif Muna.
 34585 | Elf:1    | Found a transporter.
 34721 | Elf:1    | Found a runed translucent gate.
 34721 | Elf:1    | Found a runed translucent gate.
 34727 | Elf:1    | Found a runed translucent gate.
 34769 | Elf:1    | Found Xaarph's Distillery.
 35366 | Elf:1    | Received a gift from Okawaru
 35404 | Elf:1    | Reached skill level 10 in Armour
 35492 | Elf:1    | Found a transporter.
 35559 | Elf:2    | Paralysed by an air elemental for 1 turns
 35626 | Elf:2    | Received a gift from Okawaru
 35773 | Elf:2    | Reached skill level 5 in Dodging
 36081 | Elf:2    | Paralysed by an air elemental for 1 turns
 36345 | Elf:2    | Found a runed translucent gate.
 36346 | Elf:2    | Found a runed translucent gate.
 36346 | Elf:2    | Found a runed translucent gate.
 36477 | Elf:2    | Identified the +9 crystal plate armour of Fun {+Inv Dex+2}
                  | (Okawaru gifted it to you on level 2 of the Elven Halls)
 36477 | Elf:2    | Received a gift from Okawaru
 36925 | Elf:3    | Entered Level 3 of the Elven Halls
 37177 | Elf:3    | Reached skill level 17 in Fighting
 37274 | Abyss:3  | Cast into level 3 of the Abyss (a deep elf sorcerer)
 37409 | Abyss:3  | Noticed a bone dragon
 37432 | Abyss:3  | Reached XP level 20. HP: 104/117 MP: 32/32
 37445 | Abyss:3  | Killed a bone dragon
 37603 | Abyss:3  | Noticed a bone dragon
 37676 | Abyss:3  | Killed a bone dragon
 37690 | Abyss:3  | Received a gift from Okawaru
 37715 | Elf:3    | Escaped the Abyss
 37724 | Elf:3    | Received a gift from Okawaru
 37906 | Elf:3    | Identified the +3 glaive "Qoppeneh" {speed, *Rage rPois
                  | MP+9 Stlth+}
 38075 | Elf:3    | Identified the ring of Hoanur {rF+ EV+4}
 38104 | Elf:3    | Identified the +7 dagger of Fiwihiq {vorpal, rC+ Will+
                  | rCorr}
 38302 | Elf:3    | Got the Handbook of Changing and Calefaction
 38325 | Elf:3    | Got the Papyrus of the Figure and Frostbite
 38357 | Elf:3    | Identified the +7 battleaxe of Chance {elec, rF+ Int+3}
 38363 | Elf:3    | Identified the +0 pair of gloves "Jucka" {Rampage rPois
                  | rF-}
 38521 | Elf:3    | Paralysed by an air elemental for 1 turns
 38623 | Elf:3    | Received a gift from Okawaru
 39003 | Elf:3    | Paralysed by an air elemental for 1 turns
 39026 | Elf:3    | Received a gift from Okawaru
 39041 | Elf:3    | Paralysed by an air elemental for 1 turns
 39085 | Elf:3    | Identified the +0 chain mail of the Distant Future {rC-
                  | rCorr Str+3 Int+6}
 39086 | Elf:3    | Identified the +2 leather armour "Foxt" {rPois Int+2}
 40274 | D:2      | Bought ichor-stained acid dragon scales for 1350 gold
                  | pieces
 40274 | D:2      | Identified the +6 acid dragon scales "Ylypuc Domp" {rF+
                  | rCorr Str+3 Dex-4} (You bought it in a shop on level 2 of
                  | the Dungeon)
 40509 | Vaults:1 | Entered Level 1 of the Vaults
 40824 | Vaults:1 | Found a magical portal.
 40829 | WizLab   | Entered The Chambers of the Cloud Mage
 40835 | WizLab   | Paralysed by an air elemental for 1 turns
 40892 | WizLab   | Paralysed by an air elemental for 1 turns
 40901 | WizLab   | Paralysed by an air elemental for 1 turns
 40907 | WizLab   | Paralysed by an air elemental for 1 turns
 40919 | WizLab   | Received a gift from Okawaru
 40921 | WizLab   | Paralysed by an air elemental for 1 turns
 40930 | WizLab   | Paralysed by an air elemental for 1 turns
 41071 | WizLab   | Paralysed by an air elemental for 1 turns
 41173 | WizLab   | Paralysed by an air elemental for 1 turns
 41187 | WizLab   | Paralysed by an air elemental for 1 turns
 41196 | WizLab   | Paralysed by an air elemental for 1 turns
 41201 | WizLab   | HP: 4/119 [poisoned by a death drake (dark miasma)]
 41205 | WizLab   | Paralysed by an air elemental for 1 turns
 41219 | Arena    | Entered the Arena
 41334 | WizLab   | Noticed Archesk
 41358 | WizLab   | Killed Archesk the Cloud Mage
 41388 | WizLab   | Identified the +6 quick blade of Mandamus {freeze, rF+}
 41394 | WizLab   | Got the Grimoire of Weather
 41989 | Vaults:1 | Reached XP level 21. HP: 123/123 MP: 33/33
 42068 | Vaults:1 | Received a gift from Okawaru
 42218 | Vaults:1 | Reached skill level 18 in Fighting
 42307 | Vaults:1 | Received a gift from Okawaru
 43140 | Vaults:2 | Noticed Mara
 43169 | Vaults:2 | Killed Mara
 43169 | Vaults:2 | Received a gift from Okawaru
 43692 | Vaults:2 | Noticed Mennas
 43704 | Vaults:2 | Received a gift from Okawaru
 43704 | Vaults:2 | Found the +12 pair of quick blades "Gyre" and "Gimble"
                  | {protect}
 43712 | Vaults:2 | Killed Mennas
 43736 | Vaults:2 | Noticed Saint Roka
 43748 | Vaults:2 | Killed Saint Roka
 43958 | Vaults:2 | Noticed Aizul
 43969 | Vaults:2 | Killed Aizul
 44168 | Vaults:3 | Received a gift from Okawaru
 44223 | Vaults:3 | Noticed Donald
 44236 | Vaults:3 | Killed Donald
 44261 | Vaults:3 | Identified the +8 hand axe "Zeuku" {venom, *Noise rN++
                  | Str+6}
 44319 | Vaults:3 | Received a gift from Okawaru
 44529 | Vaults:3 | Noticed Asterion
 44549 | Vaults:3 | Killed Asterion
 44574 | Vaults:3 | Reached XP level 22. HP: 123/130 MP: 34/34
 44592 | Vaults:3 | Found Sallirgheb's Antique Weapon Boutique.
 44622 | Vaults:3 | Noticed Nikola
 44636 | Vaults:3 | Killed Nikola
 44872 | Vaults:3 | Found Tilewn's Magic Scroll Boutique.
 44873 | Vaults:3 | Found Ysovinag's General Store.
 44899 | Vaults:3 | Identified the +1 kite shield of Love and Death {Will+}
                  | (Okawaru gifted it to you on level 3 of the Vaults)
 44899 | Vaults:3 | Received a gift from Okawaru
 45272 | Vaults:3 | Found a staircase to the Crypt.
 45487 | Vaults:3 | Reached skill level 19 in Fighting
 46227 | Vaults:4 | Reached skill level 15 in Throwing
 46368 | Vaults:4 | Identified the +3 arbalest of Oily Gallantry {antimagic,
                  | rElec rC++ Will- Dex+2}
 46566 | Vaults:4 | Received a gift from Okawaru
 46646 | Vaults:4 | Identified the +10 dagger of Valiance {vorpal, Str+3}
 46902 | Depths:1 | Entered Level 1 of the Depths
 46987 | Depths:1 | Found a one-way gate leading to the halls of Pandemonium.
 47130 | Depths:1 | Found a radiant altar of Vehumet.
 47133 | Depths:1 | Identified the +1 chain mail "Foares" {rF++ Str-5} (Okawaru
                  | gifted it to you on level 1 of the Depths)
 47133 | Depths:1 | Received a gift from Okawaru
 47473 | Depths:1 | Found a gateway to Hell.
 47659 | Depths:2 | You fall into a shaft and drop 1 floor!
 47659 | Depths:3 | Found a one-way gate to the infinite horrors of the Abyss.
 47786 | Depths:2 | Reached XP level 23. HP: 125/136 MP: 35/35
 47824 | Depths:2 | Found a one-way gateway to a ziggurat.
 48017 | Depths:1 | Received a gift from Okawaru
 48085 | Depths:2 | Received a gift from Okawaru
 48107 | Depths:2 | Identified the +4 dagger "Zuephin" {elec, rElec rPois}
                  | (Okawaru gifted it to you on level 2 of the Depths)
 48107 | Depths:2 | Received a gift from Okawaru
 49265 | Depths:3 | Noticed a caustic shrike
 49274 | Depths:3 | Killed a caustic shrike
 49274 | Depths:3 | Received a gift from Okawaru
 49329 | Depths:3 | Reached skill level 20 in Fighting
 49387 | Depths:3 | Identified the +7 great mace of Okawaru's Whim {freeze,
                  | Fragile rN++ Dex+6} (Okawaru gifted it to you on level 3 of
                  | the Depths)
 49387 | Depths:3 | Received a gift from Okawaru
 49536 | Depths:3 | Reached skill level 15 in Armour
 49775 | Depths:3 | Identified the amulet "Eviakhlu" {Acrobat rPois Dex+3}
 49829 | Depths:3 | Noticed a caustic shrike
 49841 | Depths:3 | Killed a caustic shrike
 50301 | Depths:4 | Entered Level 4 of the Depths
 50532 | Depths:4 | Received a gift from Okawaru
 50644 | Depths:4 | Identified the +1 ring mail "Porruoqe" {Int+4}
 50712 | Depths:4 | Found a gate to the Realm of Zot.
 50759 | Depths:4 | Found Pufinkoi's Book Shop.
 50827 | Depths:4 | Found a white marble altar of Elyvilon.
 50827 | Depths:4 | Found a glowing golden altar of the Shining One.
 50828 | Depths:4 | Found a glowing silver altar of Zin.
 50873 | Depths:4 | Received a gift from Okawaru
 51053 | Depths:4 | Found a shadowy altar of Dithmenos.
 51212 | Depths:4 | Noticed Frederick
 51220 | Depths:4 | Killed Frederick
 51220 | Depths:4 | Received a gift from Okawaru
 51630 | D:9      | Bought a potion of curing for 39 gold pieces
 51855 | Vaults:3 | Bought a scroll of teleportation for 48 gold pieces
 51855 | Vaults:3 | Bought a scroll of magic mapping for 120 gold pieces
 51855 | Vaults:3 | Bought a scroll of vulnerability for 64 gold pieces
 52195 | Elf:1    | Bought a potion of curing for 51 gold pieces
 52195 | Elf:1    | Bought a potion of cancellation for 136 gold pieces
 52476 | Shoals:3 | Bought a potion of berserk rage for 105 gold pieces
 52476 | Shoals:3 | Bought a potion of might for 84 gold pieces
 52476 | Shoals:3 | Bought a potion of haste for 210 gold pieces
 52476 | Shoals:3 | Bought a potion of ambrosia for 168 gold pieces
 52476 | Shoals:3 | Bought a potion of curing for 63 gold pieces
 52738 | D:2      | Bought a scroll of blinking for 90 gold pieces
 52944 | Orc:2    | Bought a potion of magic for 128 gold pieces
 52944 | Orc:2    | Bought 2 potions of curing for 96 gold pieces
 52944 | Orc:2    | Bought a potion of haste for 160 gold pieces
 53044 | D:9      | Bought a scroll of blinking for 97 gold pieces
 53243 | Crypt:1  | Entered Level 1 of the Crypt
 53386 | Crypt:1  | Reached XP level 24. HP: 102/136 MP: 35/35
 53476 | Crypt:1  | Received a gift from Okawaru
 53562 | Crypt:1  | Received a gift from Okawaru
 53595 | Crypt:1  | Identified the +6 great sword of Hospitality {spect, *Rage
                  | Int+7}
 53637 | Crypt:1  | Found a runed translucent door.
 53637 | Crypt:1  | Noticed Nofozin's ghost (veteran FoFi)
 54483 | Crypt:2  | Received a gift from Okawaru
 54571 | Crypt:2  | Reached skill level 10 in Dodging
 55166 | Crypt:3  | Entered Level 3 of the Crypt
 55202 | Crypt:3  | Noticed Zenata
 55214 | Crypt:3  | Received a gift from Okawaru
 55292 | Crypt:3  | Killed Zenata
 55591 | Crypt:3  | Received a gift from Okawaru
 55606 | Crypt:3  | Reached skill level 21 in Fighting
 55699 | Crypt:3  | Found an ancient bone altar of Kikubaaqudgha.
 55761 | Crypt:3  | Found the +2 shield of Resistance {rF++ rC++ Will++}
 55776 | Crypt:3  | Identified the +5 demon whip "Kaowk" {elec, rElec Will+
                  | Dex+2}
 56023 | Crypt:3  | Received a gift from Okawaru
 56278 | Crypt:3  | Identified the ring "Athrapreu" {Fly rN+ Str+2}
 56278 | Crypt:3  | Identified the ring "Asie" {rF+ rN+ Dex+3}
 56412 | Crypt:3  | Reached XP level 25. HP: 149/149 MP: 35/35
 56672 | Crypt:2  | Found an ancient bone altar of Kikubaaqudgha.
 56931 | Crypt:3  | Found a staircase to the Tomb.
 57014 | Crypt:3  | Received a gift from Okawaru
 57457 | Shoals:2 | Bought a scroll of poison for 132 gold pieces
 57457 | Shoals:2 | Bought a scroll of teleportation for 99 gold pieces
 57457 | Shoals:2 | Bought a scroll of vulnerability for 132 gold pieces
 57614 | D:9      | Bought a scroll of blinking for 112 gold pieces
 57896 | Vaults:5 | Entered Level 5 of the Vaults
 57988 | Vaults:5 | Identified the ring of Ububasm {rElec rC+}
 58049 | Vaults:5 | Received a gift from Okawaru
 58113 | Vaults:5 | Identified the ring of Comiaba {rPois rC+ Will+ Stlth+}
 58280 | Vaults:5 | Identified a scroll of acquirement
 58297 | Vaults:5 | Acquired the +2 hat "Suohaoqa" {rElec Regen+ Int+3}
 58561 | Vaults:5 | Received a gift from Okawaru
 58670 | Vaults:5 | Received a gift from Okawaru
 58793 | Vaults:5 | Reached skill level 22 in Fighting
 58861 | Vaults:5 | Received a gift from Okawaru
 58941 | Vaults:5 | Got a silver rune of Zot
 59100 | Vaults:5 | Identified the +2 helmet of the Good {Int+2 Dex+3}
 59282 | Vaults:5 | Identified the +4 chain mail "Tusto" {Int-4 Dex+5}
 59370 | Vaults:5 | Reached XP level 26. HP: 144/157 MP: 35/35
 61136 | Shoals:2 | Bought 3 scrolls of enchant armour for 742 gold pieces
 61264 | Slime:1  | Entered Level 1 of the Pits of Slime
 61405 | Slime:2  | Noticed Dissolution
 61419 | Slime:2  | Killed Dissolution
 61495 | Slime:4  | Gained mutation: You occasionally lose the ability to read
                  | scrolls when taking damage. [a shining eye]
 61496 | Slime:4  | Gained mutation: You are dopey. (Int -2) [a shining eye]
 61498 | Slime:4  | Gained mutation: Your magical capacity is low. (-10% MP) [a
                  | shining eye]
 61509 | Slime:5  | Entered Level 5 of the Pits of Slime
 61656 | Slime:5  | Lost mutation: You are dopey. (Int -2) [potion of mutation]
 61656 | Slime:5  | Lost mutation: Your magical capacity is low. (-10% MP)
                  | [potion of mutation]
 61656 | Slime:5  | Gained mutation: You sometimes lose the ability to read
                  | scrolls when taking damage. [potion of mutation]
 61656 | Slime:5  | Gained mutation: You are partially covered in iridescent
                  | scales. (AC +2) [potion of mutation]
 61657 | Slime:5  | Lost mutation: You sometimes lose the ability to read
                  | scrolls when taking damage. [potion of mutation]
 61657 | Slime:5  | Lost mutation: You occasionally lose the ability to read
                  | scrolls when taking damage. [potion of mutation]
 61657 | Slime:5  | Gained mutation: You have sharp fingernails. [potion of
                  | mutation]
 61657 | Slime:5  | Gained mutation: You are agile. (Dex +4, Str/Int -1)
                  | [potion of mutation]
 61657 | Slime:5  | Gained mutation: You are very agile. (Dex +8, Str/Int -2)
                  | [potion of mutation]
 61699 | Slime:5  | Noticed the Royal Jelly
 61717 | Slime:5  | Killed the Royal Jelly
 61732 | Slime:5  | Received a gift from Okawaru
 61785 | Slime:5  | Reached skill level 15 in Stealth
 61824 | Slime:5  | Identified the amulet "Baoxkoiz" {Faith +Inv}
 61853 | Slime:5  | Identified the +1 plate armour of the Forging Gods {rElec
                  | Str+4 Int-5}
 61859 | Slime:5  | Acquired a manual of Armour
 61860 | Slime:5  | Acquired the +2 helmet of Wu Jian's Hope {+Inv rElec rF+
                  | Stlth+}
 61878 | Slime:5  | Got a slimy rune of Zot
 61899 | Slime:5  | Identified the ring of Qatsaeh {Ice Str+3}
 62562 | Zot:1    | Entered Level 1 of the Realm of Zot
 63444 | Zot:2    | Identified the +5 hand axe of Rubbish {spect, rElec rPois
                  | MP+9 Stlth+}
 63496 | Zot:2    | Received a gift from Okawaru
 63517 | Zot:2    | Received a gift from Okawaru
 63562 | Zot:2    | You fall into a shaft and drop 1 floor!
 64335 | Zot:3    | Received a gift from Okawaru
 64490 | Zot:3    | Found the +10 dark maul {vorpal}
 64767 | Zot:3    | Found a runed translucent gate.
 64768 | Zot:3    | Found a runed translucent gate.
 64768 | Zot:3    | Found a runed translucent gate.
 64768 | Zot:3    | Noticed Suab's ghost (veteran MeRe)
 64769 | Zot:3    | Noticed Zuol's ghost (legendary DsDe)
 64769 | Zot:3    | Noticed Iruirgha's ghost (veteran OpFi)
 65180 | Zot:3    | Killed Iruirgha's ghost
 65191 | Zot:3    | Killed Zuol's ghost
 65191 | Zot:3    | Received a gift from Okawaru
 65193 | Zot:3    | Killed Suab's ghost
 65194 | Zot:3    | Reached XP level 27. HP: 129/163 MP: 35/35
 65301 | Zot:4    | Reached skill level 23 in Fighting
 65367 | Zot:4    | Received a gift from Okawaru
 65693 | Zot:4    | Noticed an orb of fire
 65707 | Zot:4    | Killed an orb of fire
 65782 | Zot:4    | Noticed a dread lich
 65786 | Arena    | Entered the Arena
 65961 | Zot:4    | Killed a dread lich
 66084 | Zot:4    | Identified the ring of Patos {Contam rC+ Will+ rCorr
                  | Dex+10}
 66244 | Zot:4    | Noticed an ancient lich
 66262 | Zot:4    | Killed an ancient lich
 66284 | Zot:4    | Received a gift from Okawaru
 66386 | Zot:4    | Found a runed translucent gate.
 66387 | Zot:4    | Found a runed translucent gate.
 66388 | Zot:4    | Found a runed translucent gate.
 66392 | Zot:4    | Noticed Ge0ff's ghost (master SpMo)
 66906 | Zot:4    | Received a gift from Okawaru
 66921 | Zot:4    | Killed Ge0ff's ghost
 66968 | Zot:4    | Identified the ring "Zokh" {rN+ Str+5 Dex+6}
 66996 | Zot:5    | Entered Level 5 of the Realm of Zot
 67015 | Zot:5    | Received a gift from Okawaru
 67217 | Zot:5    | Noticed a dread lich
 67228 | Zot:5    | Killed a dread lich
 67244 | Zot:5    | Noticed an orb of fire
 67249 | Zot:5    | Noticed an ancient lich
 67249 | Zot:5    | Noticed an ancient lich
 67259 | Zot:5    | Gained mutation: You heal very quickly. [an orb of fire]
 67261 | Zot:5    | Gained mutation: Your spells are a little harder to cast,
                  | but a little more powerful. [an orb of fire]
 67272 | Zot:5    | Killed an orb of fire
 67275 | Zot:5    | Killed an ancient lich
 67291 | Zot:5    | Killed an ancient lich
 67369 | Zot:5    | Received a gift from Okawaru
 67456 | Zot:5    | Received a gift from Okawaru
 67506 | Zot:5    | Noticed a dread lich
 67511 | Zot:5    | Noticed an orb of fire
 67529 | Zot:5    | Killed a dread lich
 67563 | Zot:5    | Killed an orb of fire
 67564 | Zot:5    | Reached skill level 24 in Fighting
 68024 | Hell     | Entered the Vestibule of Hell
 68024 | Hell     | Noticed Geryon
 68044 | Hell     | Killed Geryon
 68129 | Hell     | Found a gateway to the ashen valley of Gehenna.
 68395 | Hell     | Found a gateway to the Iron City of Dis.
 68482 | Hell     | Found a gateway to the freezing wastes of Cocytus.
 68691 | Hell     | Found a gateway to the decaying netherworld of Tartarus.
 68939 | Pan      | Entered Pandemonium
 68973 | Pan      | Received a gift from Okawaru
 69165 | Pan      | Gained mutation: Your body sometimes deteriorates upon
                  | taking damage. [a cacodemon]
 69193 | Pan      | Entered the realm of Cerebov.
 69338 | Pan      | Identified the +6 glaive "Huysch" {antimagic, *Noise +Blink
                  | rPois}
 69410 | Pan      | Found the +6 sword of Cerebov {flame}
 69410 | Pan      | Noticed Cerebov
 69552 | Pan      | Identified the +5 hand axe of the Owl {holy, rElec rN+
                  | Str-5}
 69555 | Pan      | Identified the ring of Gotah {Ice *Corrode Will- Str+5
                  | Dex+3}
 69563 | Pan      | Got the Compendium of Frostbite and the Inferno
 69582 | Pan      | Killed Cerebov
 69762 | Pan      | Identified the +3 lajatang of Jishrauzu {drain, Str+2 Int-5
                  | Dex+3}
 69834 | Pan      | Got Sif Muna's Treatise on Toxic Bolts
 69875 | Pan      | Got a fiery rune of Zot
 69991 | Pan      | Entered the realm of Lom Lobon.
 70082 | Pan      | Received a gift from Okawaru
 70386 | Pan      | Noticed Lom Lobon
 70402 | Pan      | Killed Lom Lobon
 70420 | Pan      | Got a magical rune of Zot
 70565 | Pan      | Found an exit through the horrors of the Abyss.
 70692 | Pan      | Gained mutation: Your magical capacity is low. (-10% MP) [a
                  | cacodemon]
 70730 | Pan      | Received a gift from Okawaru
 70871 | Pan      | Noticed Nipnanoco the pandemonium lord
 70880 | Pan      | Killed Nipnanoco the pandemonium lord
 70971 | Pan      | Noticed Nuqose the pandemonium lord
 70988 | Pan      | Killed Nuqose the pandemonium lord
 70991 | Pan      | Got a demonic rune of Zot
 71032 | Pan      | Received a gift from Okawaru
 71061 | Pan      | Entered the realm of Gloorx Vloq.
 71228 | Pan      | Received a gift from Okawaru
 71229 | Pan      | Reached skill level 15 in Evocations
 71351 | Pan      | Noticed Gloorx Vloq
 71360 | Pan      | Killed Gloorx Vloq
 71400 | Pan      | Got a dark rune of Zot
 71512 | Pan      | Entered the realm of Mnoleg.
 71535 | Pan      | Identified the amulet of Xeqaig {RegenMP Harm}
 71636 | Pan      | Gained mutation: You occasionally lose the ability to drink
                  | potions when taking damage. [a neqoxec]
 71678 | Pan      | Noticed Mnoleg
 71688 | Pan      | Gained mutation: You are frail. (-10% HP) [a neqoxec]
 71726 | Pan      | Reached skill level 15 in Dodging
 71733 | Pan      | Received a gift from Okawaru
 71738 | Pan      | Killed Mnoleg
 71781 | Pan      | Got a glowing rune of Zot
 71856 | Pan      | Found an exit through the horrors of the Abyss.
 71872 | Pan      | Lost mutation: Your spells are a little harder to cast, but
                  | a little more powerful. [a cacodemon]
 71873 | Pan      | Gained mutation: You are very frail. (-20% HP) [a
                  | cacodemon]
 71942 | Pan      | Took an exit into the Abyss.
 71942 | Abyss:3  | Escaped into the Abyss
 71943 | Abyss:3  | Lost mutation: You are very agile. (Dex +8, Str/Int -2)
                  | [potion of mutation]
 71943 | Abyss:3  | Lost mutation: You are very frail. (-20% HP) [potion of
                  | mutation]
 71943 | Abyss:3  | Lost mutation: You are agile. (Dex +4, Str/Int -1) [potion
                  | of mutation]
 71943 | Abyss:3  | Lost mutation: Your magical capacity is low. (-10% MP)
                  | [potion of mutation]
 71943 | Abyss:3  | Gained mutation: Armour fits poorly on your strangely
                  | shaped body. [potion of mutation]
 71943 | Abyss:3  | Gained mutation: You have sharp toenails. [potion of
                  | mutation]
 71944 | Abyss:3  | Lost mutation: You heal very quickly. [potion of mutation]
 71944 | Abyss:3  | Lost mutation: You occasionally lose the ability to drink
                  | potions when taking damage. [potion of mutation]
 71944 | Abyss:3  | Lost mutation: You are partially covered in iridescent
                  | scales. (AC +2) [potion of mutation]
 71944 | Abyss:3  | Gained mutation: You are weak. (Str -2) [potion of
                  | mutation]
 71944 | Abyss:3  | Lost mutation: You have sharp fingernails. [potion of
                  | mutation]
 71945 | Abyss:3  | Lost mutation: Your body sometimes deteriorates upon taking
                  | damage. [potion of mutation]
 71945 | Abyss:3  | Lost mutation: Armour fits poorly on your strangely shaped
                  | body. [potion of mutation]
 71945 | Abyss:3  | Lost mutation: You are frail. (-10% HP) [potion of
                  | mutation]
 71945 | Abyss:3  | Gained mutation: You are partially covered in large bone
                  | plates. (SH +4) [potion of mutation]
 71946 | Abyss:3  | Lost mutation: You have sharp toenails. [potion of
                  | mutation]
 71946 | Abyss:3  | Lost mutation: You are weak. (Str -2) [potion of mutation]
 71946 | Abyss:3  | Gained mutation: You have large cloven feet. [potion of
                  | mutation]
 72606 | Abyss:3  | Reached skill level 25 in Fighting
 72718 | Abyss:3  | Received a gift from Okawaru
 72865 | Abyss:4  | Found a corrupted altar of Lugonu.
 72931 | Abyss:4  | Got an abyssal rune of Zot
 72987 | Depths:3 | Escaped the Abyss
 73186 | Zig:1    | Entered Level 1 of a ziggurat
 73209 | Zig:2    | Entered Level 2 of a ziggurat
 73242 | Zig:3    | Entered Level 3 of a ziggurat
 73380 | Zig:4    | Entered Level 4 of a ziggurat
 73420 | Zig:4    | Identified the +12 plate armour of Baleful Music {Rampage
                  | rF+ Dex+2 Stlth+}
 73470 | Zig:5    | Entered Level 5 of a ziggurat
 73527 | Zig:6    | Entered Level 6 of a ziggurat
 73564 | Zig:6    | Got Ittuajuo's Spellbook of Sweltering Execration
 73570 | Zig:7    | Entered Level 7 of a ziggurat
 73644 | Zig:8    | Entered Level 8 of a ziggurat
 73690 | Zig:9    | Entered Level 9 of a ziggurat
 73709 | Zig:9    | Received a gift from Okawaru
 73807 | Zig:9    | Got the Compilation of the Injurious Map
 73819 | Zig:10   | Entered Level 10 of a ziggurat
 73828 | Zig:10   | Paralysed by a floating eye for 2 turns
 73937 | Zig:10   | Acquired the +2 cloak "Xiudud" {Drain Will+++ rCorr Dex-2}
 73938 | Zig:10   | Acquired 929 gold pieces
 73939 | Zig:10   | Acquired 764 gold pieces
 73964 | Zig:10   | Identified the ring "Teawahu" {rN+ EV+4 Str-4 Int+3}
 73966 | Zig:10   | Identified the +4 broad axe "Elint" {antimagic, Int+3
                  | Dex+4}
 73970 | Zig:11   | Entered Level 11 of a ziggurat
 73975 | Zig:11   | Noticed Soze the pandemonium lord
 73975 | Zig:11   | Noticed Senuz the pandemonium lord
 73991 | Zig:11   | Killed Soze the pandemonium lord
 73992 | Zig:11   | Killed Senuz the pandemonium lord
 74001 | Zig:11   | Noticed Masuor the pandemonium lord
 74015 | Zig:11   | Killed Masuor the pandemonium lord
 74077 | Zig:11   | Identified the ring "Cukk" {rF- AC+4 Str+6 Dex-5 SInv}
 74083 | Zig:11   | Acquired 1154 gold pieces
 74084 | Zig:11   | Acquired the ring "Botseola" {rF+ Int+2 Slay+4}
 74095 | Zig:12   | Entered Level 12 of a ziggurat
 74099 | Zig:12   | Noticed a juggernaut
 74111 | Zig:12   | Killed a juggernaut
 74111 | Zig:12   | Noticed a juggernaut
 74117 | Zig:12   | Killed a juggernaut
 74119 | Zig:12   | Identified the +4 kite shield "Akkiudgh" {Rampage rElec
                  | Dex-5} (Okawaru gifted it to you on level 12 of a ziggurat)
 74119 | Zig:12   | Received a gift from Okawaru
 74189 | Zig:12   | Got the Quarto of the Snowflakes
 74198 | Zig:13   | Entered Level 13 of a ziggurat
 74291 | Zig:14   | Entered Level 14 of a ziggurat
 74460 | Zig:14   | Identified the ring of Liberty {+Blink rPois rF+ Slay-6}
 74465 | Zig:14   | Identified the +11 quarterstaff of Beyond {freeze, rN+}
 74466 | Zig:14   | Identified the +1 chain mail "Issiu" {rPois rCorr MP-9
                  | SInv}
 74480 | Zig:15   | Entered Level 15 of a ziggurat
 74538 | Zig:15   | Noticed an ancient lich
 74547 | Zig:15   | Killed an ancient lich
 74703 | Coc:1    | Entered Level 1 of Cocytus
 74736 | Coc:1    | Received a gift from Okawaru
 74760 | Coc:1    | Paralysed by a wendigo for 1 turns
 74799 | Coc:1    | Received a gift from Okawaru
 75271 | Coc:3    | Paralysed by a wendigo for 1 turns
 75285 | Coc:3    | Reached skill level 26 in Fighting
 75490 | Coc:4    | Noticed an ancient lich
 75503 | Hell     | Received a gift from Okawaru
 75619 | Coc:4    | Killed an ancient lich
 75811 | Coc:5    | Received a gift from Okawaru
 75989 | Coc:7    | Entered Level 7 of Cocytus
 76139 | Coc:7    | Noticed the Serpent of Hell
 76162 | Coc:7    | Killed the Serpent of Hell
 76288 | Coc:7    | Received a gift from Okawaru
 76345 | Coc:7    | Received a gift from Okawaru
 76345 | Coc:7    | Found the +3 pair of gauntlets of War {Slay+5}
 76465 | Coc:7    | Identified the ring "Qoufrif" {Int+4 Dex+6}
 76465 | Coc:7    | Noticed Antaeus
 76504 | Coc:7    | Killed Antaeus
 76642 | Coc:7    | Identified the amulet "Jonleagg" {Acrobat rPois rC+}
 76645 | Coc:7    | Got an icy rune of Zot
 76964 | Coc:7    | Found the +5 Lochaber axe {reach-cleave, poleaxe, Drain}
 76990 | Coc:7    | Found the +12 glaive of Prune {vorpal}
 77255 | Coc:7    | Received a gift from Okawaru
 77617 | Tar:1    | Entered Level 1 of Tartarus
 77654 | Tar:1    | Found a huge runed gate.
 77654 | Tar:1    | Found a huge runed gate.
 77654 | Tar:1    | Found a huge runed gate.
 77712 | Tar:1    | Found a huge runed gate.
 77713 | Tar:1    | Found a huge runed gate.
 77713 | Tar:1    | Found a huge runed gate.
 77728 | Tar:1    | Received a gift from Okawaru
 77761 | Tar:1    | Found a huge runed gate.
 77761 | Tar:1    | Found a huge runed gate.
 77761 | Tar:1    | Found a huge runed gate.
 78134 | Tar:5    | Received a gift from Okawaru
 78619 | Tar:7    | Entered Level 7 of Tartarus
 78629 | Tar:7    | Received a gift from Okawaru
 78708 | Hell     | Succumbed to poison (dark miasma)

Illustrated notes

Levels and vault maps discovered:
D:1:      enne_arrival_octagon_isle, layout_rooms
D:2:      layout_loops_ring, ebering_ecumenical_altar_ruins, serial_shops, shop,
          shop, shop, nicolae_shop_statue_plus
D:3:      layout_rooms, tgw_kikubaaqudgha, nicolae_qazlal_eye_of_the_storm,
          uniq_sigmund
D:4:      minmay_skewed_foursquare, layout_basic,
          worldfamousw_hep_ancestral_shrine, makhleb_blood_cavern_becter,
          goddamned_bats
D:5:      layout_basic, fedhas_altar_2, lemuel_coloured_pillars_altar
D:6:      layout_basic, xom_teletrap_fun, minmay_temple_entry_gardened_gates,
          chequers_serial_rivers_room_a, dreamdust_princess_corridor,
          kennysheep_opposing_triangles
D:7:      wad_woods_stonehenge, layout_basic, gammafunk_ghost_split, uniq_pikel,
          uniq_maggie
D:8:      cheibrodos_shockbox, layout_rooms,
          gammafunk_temple_overflow_forgotten, mainiacjoe_overflow_catwalk
D:9:      layout_cave_pools, erik_orc_1, serial_shops, nicolae_lakefront_shop,
          nicolae_shop_behind_doors, nicolae_shop_hallway_plus, shop_fountains,
          reono_crystal_passage, hangedman_decor_diamond_cutter
D:10:     layout_roguey, kennysheep_generic_room_11
D:11:     layout_gridville, david_lair_shrubbed
D:12:     minmay_statue_hallways, layout_rooms, uniq_jorgrun
D:13:     layout_loops_ring, david_vaults_5, nicolae_transmutations_shop,
          uniq_urug
D:14:     layout_stronghold, serial_shops, shop_coins, kennysheep_generic_room_4
D:15:     grunt_enter_depths_hoard, layout_basic, nrook_pool_corridor,
          minmay_misc_feat_room, zin_angel
Temple:   nicolae_temple_bog_church
Lair:1:   layout_regular_city, grunt_megastairs_3, uniq_harold, uniq_gastronok
Lair:2:   layout_cave_pods, elwin_shoals_entry_rocks, nicolae_lair_lindhole,
          uniq_sonja
Lair:3:   layout_gridlike, spider_nest_entry_rubble, special_room
          [special_room_mythical_zoo], nicolae_volcano_entry_s_turn,
          kennysheep_rathole, uniq_nergalle
Lair:4:   layout_loops_ring, nicolae_quartered_pool_super
Lair:5:   grunt_lair_end_beastmaster, layout_regular_city, slime_entry_1,
          guppyfry_lair_drakes, infiniplex_staircase_pool
Shoals:1: layout_shoals, uniq_kirke
Shoals:2: layout_shoals, serial_shops, nicolae_shop_hallway_stairs, shop
Shoals:3: layout_shoals, serial_shops, nicolae_shop_hallway_plus
Shoals:4: shoals_end_hangedman, layout_shoals, shoal_ilsuiw
Spider:1: layout_spider_delve
Spider:2: layout_spider_delve, hangedman_spider_trapstep, uniq_arachne
Spider:3: layout_chambers, uniq_bai_suzhen
Spider:4: hellmonk_spider_rune_bug_friends
Slime:1:  layout_caves, nicolae_slime_phagocytosis
Slime:2:  cheibrodos_slime_lost_civilization_2, layout_caves, uniq_dissolution
Slime:3:  layout_caves
Slime:4:  layout_caves
Slime:5
Orc:1:    layout_diamond_mine, basic_altar
Orc:2:    st_orc_rangers, layout_caves, basic_altar, serial_shops,
          nicolae_shop_trees, mines2_david
Elf:1:    gammafunk_sealed_library, layout_geoelf_grid, serial_shops,
          nicolae_lakefront_shop, hangedman_elven_crosses_minicolossus,
          nicolae_gammafunk_elf_defective_weapons_storage
Elf:2:    nicolae_elf_blades_crystal_corner, layout_gridlike
Elf:3:    minmay_elf_hall_not_hex, layout_geoelf_castle, st_stairs_7,
          minmay_checkered_concentric_circles
Vaults:1: mu_enter_wizlab_1, vaults_room_boxed, grunt_vaults_twisty,
          ontoclasm_vaults_chip, v_misc_14, nicolae_vaults_little_squares_2,
          v_alt_pattern_5, hangedman_vaults_locks, v_misc_9,
          hangedman_vaults_stretched_pinwheel, nicolae_vaults_little_squares_2,
          vaults_room_pools, nicolae_vaults_shelves_hall, serial_ice_g,
          special_room_vaults [special_room_orc], vaults_dpeg_encased_lava,
          layout_vaults_ring
Vaults:2: ontoclasm_vaults_claustrophobia, nicolae_vaults_ninety_degrees,
          nicolae_vaults_network_quinsquares
          [nicolae_vaults_network_quincunx_subvault,
          nicolae_vaults_network_quincunx_subvault,
          nicolae_vaults_network_quincunx_subvault,
          nicolae_vaults_network_quincunx_subvault], v_misc_31, v_misc_9,
          vaults_room_pools, hangedman_vaults_snaps,
          nicolae_vaults_mini_display_case, nicolae_vaults_little_squares_4,
          nicolae_vaults_rhombus_6, vaults_mumra_chevron_long,
          layout_vaults_omnibox, uniq_mara, uniq_aizul, uniq_mennas,
          uniq_saint_roka, uniq_margery
Vaults:3: hangedman_vaults_corner, v_misc_19, v_misc_1,
          nicolae_vaults_diagonal_hallway_7, nicolae_vaults_what_the_h,
          minmay_crypt_entry_simple_box, nicolae_vaults_diagonal_hallway_7,
          hangedman_vaults_restitches, nicolae_vaults_triangles, v_misc_22,
          ontoclasm_vaults_spin, ontoclasm_vaults_decontamination,
          nicolae_vaults_rhombus_5, layout_vaults_big_cross, serial_shops, shop,
          nicolae_shop_overgrown_old_shop,
          nicolae_shop_competitors_out_of_business, uniq_nikola, uniq_donald,
          uniq_asterion
Vaults:4: hangedman_vaults_maws, nicolae_vaults_meeting,
          nicolae_vaults_yaktaur_gun_rack, vaults_dpeg_ring,
          nicolae_vaults_asterisk, nicolae_vaults_network_star,
          nicolae_vaults_little_squares_4,
          nicolae_vaults_windows_and_doors_thing, v_misc_16,
          layout_vaults_maze_bifur
Vaults:5: serial_shops
Crypt:1:  layout_gridlike, gammafunk_ghost_grave
Crypt:2:  layout_basic, lemuel_upstairs_altar, roderic_lattice_octagonal_star
Crypt:3:  church_of_pain_bobbens, layout_chaotic_city,
          nicolae_tomb_entry_grand_gallery, minmay_strange_pillars, uniq_zenata
Depths:1: layout_cave_shapes, serial_sigils_hangedman_writhe,
          pf_hell_entry_great_geh, rand_demon_pan_entry_9, minivault_16,
          vehumet_crystals, firewood_loft
Depths:2: dreamdust_cat_pyramid, layout_basic, enter_ziggurat_a,
          grunt_pan_entry_spiral, hell_entry, hangedman_decor_lopped
Depths:3: cell_vault, layout_twisted_cross, rand_demon_pan_entry_5,
          hangedman_coc_ice_floe, abyss_entry
Depths:4: grunt_twist_and_shout, layout_cave_pools, lightli_too_deep,
          serial_rivers, chequers_serial_rivers_micro_d,
          chequers_serial_rivers_large_a, chequers_serial_rivers_micro_e,
          chequers_serial_rivers_room_b, good_gods_temple_1, serial_shops,
          nicolae_square_shop, nicolae_dithmenos_shadow_blocks, uniq_frederick
Hell
Coc:1:    layout_ice_bergs
Coc:2:    layout_ice_bergs
Coc:3:    layout_cocytus_delve
Coc:4:    layout_cocytus_water_paths
Coc:5:    layout_cocytus_water_paths
Coc:6:    layout_ice_bergs
Coc:7:    coc_hangedman
Tar:1:    layout_grid_maze, door_vault
Tar:2:    layout_cathedral_of_symmetry
Tar:3:    layout_grid_maze
Tar:4:    layout_grid_maze
Tar:5:    minmay_shadows, layout_grid_maze, nicolae_tar_cuneiform_water,
          nicolae_tar_grid_combs
Tar:6:    layout_honeycomb
Tar:7:    tar_old
Zot:1:    layout_gridlike
Zot:2:    layout_misc_corridors
Zot:3:    layout_basic, gammafunk_ghost_cemetery, grunt_megastairs_1
Zot:4:    hangedman_zot_vaults_quadrants, layout_concentric_octagons,
          gammafunk_ghost_ooze
Zot:5:    layout_basic, grunt_ministairs_3

Skill      XL: |  1  2  3  4  5  6  7  8  9 10 11 12 13 14 15 16 17 18 19 20 21 22 23 24 25 26 27 |
---------------+----------------------------------------------------------------------------------+-----
Fighting       | 2 3 5 6 7 8 9 10 12 13 14 15 16 17 18 19 20 21 22 26 | 26.9
Short Blades   | 3 4 5 7 9 10 12 13 14 | 14.0
Stealth        | 1 2 3 4 5 9 10 13 15 22 | 22.0
Evocations     | 1 2 4 5 6 8 10 11 19 | 19.5
Throwing       | 4 6 8 10 11 13 14 15 16 17 18 22 | 22.0
Invocations    | 3 5 7 9 10 12 13 14 15 | 15.0
Armour         | 3 4 6 8 9 11 12 13 14 15 16 17 18 22 | 22.0
Shields        | 4 5 7 |  7.0
Dodging        | 3 5 7 9 10 11 18 | 18.7

Action                   |  1- 3 |  4- 6 |  7- 9 | 10-12 | 13-15 | 16-18 | 19-21 | 22-24 | 25-27 || total
-------------------------+-------+-------+-------+-------+-------+-------+-------+-------+-------++-------
Melee: Rapier            |    62 |   114 |   155 |   497 |  1437 |  2412 |   917 |       |       ||  5594
       Bite              |    12 |    34 |    53 |   194 |   648 |  1194 |  1160 |  1459 |  3729 ||  8483
       Punch             |       |     1 |     3 |    16 |     2 |       |       |       |       ||    22
       Quick blade       |       |       |       |       |       |       |   906 |       |       ||   906
       Pair of quick bla |       |       |       |       |       |       |   314 |  2237 |  5337 ||  7888
 Fire: Sling             |       |       |     8 |       |       |       |       |       |       ||     8
Throw: Javelin           |     2 |       |     3 |    17 |    59 |    59 |   130 |   146 |   227 ||   643
       Boomerang         |    54 |    36 |    49 |    74 |       |       |       |       |       ||   213
       Throwing net      |       |     1 |     4 |     1 |     8 |     3 |     3 |       |       ||    20
       Dart              |       |       |     4 |     2 |    45 |    10 |       |       |    43 ||   104
Invok: Heroism           |       |       |       |    10 |    19 |    15 |    15 |    15 |    42 ||   116
       Finesse           |       |       |       |     1 |     4 |     7 |     5 |     1 |    28 ||    46
       Duel              |       |       |       |       |       |       |     1 |       |     1 ||     2
 Abil: Evoke Invisibilit |       |       |       |       |       |       |       |       |    11 ||    11
Evoke: Wand              |       |       |    10 |    52 |    21 |    41 |     7 |       |       ||   131
       Phial of floods   |       |       |       |       |       |     1 |     1 |       |       ||     2
       Tin of tremorston |       |       |       |       |       |       |     3 |     3 |    10 ||    16
       Condenser vane    |       |       |       |       |       |       |       |       |     3 ||     3
  Use: Scroll            |     1 |     8 |     5 |    16 |     6 |    13 |     7 |     2 |    31 ||    89
       Potion            |       |       |     1 |     2 |     1 |     3 |     5 |     1 |    16 ||    29
 Stab: Sleeping          |       |     6 |     2 |     5 |     4 |     5 |       |       |     8 ||    30
       Held in net/web   |       |       |     1 |       |     6 |       |     8 |       |       ||    15
       Distracted        |       |       |       |     1 |       |     1 |       |       |    14 ||    16
       Confused          |       |       |       |     1 |       |       |       |       |     1 ||     2
       Petrified         |       |       |       |       |     2 |       |       |       |       ||     2
       Invisible         |       |       |       |       |     1 |    12 |       |       |   149 ||   162
       Paralysed         |       |       |       |       |     1 |       |       |       |       ||     1
Armor: Leather armour    |    18 |    50 |       |       |       |       |       |       |       ||    68
       Scale mail        |       |     4 |    17 |       |       |       |       |       |       ||    21
       Plate armour      |       |       |    25 |       |       |       |       |       |       ||    25
       Steam dragon scal |       |       |     4 |    32 |       |       |       |       |       ||    36
       Acid dragon scale |       |       |       |    57 |       |       |       |       |       ||    57
       Chain mail        |       |       |       |    63 |   359 |   677 |    35 |       |       ||  1134
       Crystal plate arm |       |       |       |       |       |       |   583 |   691 |   165 ||  1439
       Gold dragon scale |       |       |       |       |       |       |       |       |  1217 ||  1217
Dodge: Dodged            |    33 |   109 |    53 |   196 |   245 |   480 |   437 |   612 |  2359 ||  4524
       Repelled          |       |       |       |       |       |    19 |    24 |    17 |    26 ||    86
Block: Other             |       |       |       |     7 |    17 |       |       |       |   131 ||   155
       Buckler           |       |       |       |       |   577 |  1066 |   549 |       |       ||  2192
       Reflection        |       |       |       |       |    56 |    62 |    62 |       |       ||   180

Table legend: (Time is in decaauts)
 A = Elapsed time spent in this place.
 B = Non-inter-level travel time spent in this place.
 C = Inter-level travel time spent in this place.
 D = Time resting spent in this place.
 E = Time spent auto-exploring this place.
 F = Levels seen in this place.
 G = Mean time per level.
                   A        B        C        D        E       F      G
               +--------+--------+--------+--------+--------+-----+--------+
         Total |  69707 |  60414 |   9293 |    870 |  43955 | 104 |  670.3 |
       Dungeon |  16623 |  12327 |   4296 |    186 |   9681 |  15 | 1108.2 |
        Temple |    206 |    188 |     18 |      0 |    179 |   1 |  206.0 |
          Lair |   5724 |   4860 |    864 |    123 |   3784 |   5 | 1144.8 |
        Shoals |   4506 |   4083 |    423 |     26 |   3010 |   4 | 1126.5 |
   Spider Nest |   5314 |   4895 |    419 |    140 |   3670 |   4 | 1328.5 |
    Slime Pits |    812 |    719 |     93 |      0 |    394 |   5 |  162.4 |
  Orcish Mines |   2056 |   1394 |    662 |     23 |    968 |   2 | 1028.0 |
   Elven Halls |   4975 |   4677 |    298 |     11 |   3658 |   3 | 1658.3 |
        Vaults |   7749 |   6787 |    962 |      0 |   5408 |   5 | 1549.8 |
         Crypt |   3209 |   3033 |    176 |      0 |   2312 |   3 | 1069.7 |
        Depths |   4258 |   3712 |    546 |     81 |   2869 |   4 | 1064.5 |
          Hell |    680 |    565 |    115 |      0 |    351 |   1 |  680.0 |
       Cocytus |   2343 |   2170 |    173 |    178 |   1029 |   7 |  334.7 |
      Tartarus |    811 |    809 |      2 |      8 |    480 |   7 |  115.9 |
           Zot |   4599 |   4359 |    240 |      0 |   3531 |   5 |  919.8 |
         Abyss |   1109 |   1109 |      0 |      1 |    503 |   3 |  369.7 |
   Pandemonium |   2422 |   2422 |      0 |     26 |   1096 |  11 |  220.2 |
      Ziggurat |   1116 |   1116 |      0 |     57 |    349 |  15 |   74.4 |
       Volcano |    521 |    521 |      0 |      0 |    267 |   1 |  521.0 |
        Wizlab |    631 |    631 |      0 |      0 |    404 |   1 |  631.0 |
         Arena |     35 |     35 |      0 |      7 |      6 |   2 |   17.5 |
               +--------+--------+--------+--------+--------+-----+--------+

Top non-repeatable levels by time:
Vaults:5: 2484 daAuts
   Elf:3: 2387 daAuts
Vaults:3: 1734 daAuts
Spider:4: 1651 daAuts
Depths:3: 1624 daAuts
     D:9: 1589 daAuts
Spider:3: 1549 daAuts
Vaults:1: 1549 daAuts
 Crypt:3: 1520 daAuts
     D:6: 1448 daAuts
     D:7: 1421 daAuts
   Zot:4: 1412 daAuts
   Elf:1: 1389 daAuts
    D:11: 1320 daAuts
Shoals:4: 1316 daAuts
